cohdb
Replays
Latest Replays
All Replays
Popular Replays
Top Player Replays
Match Explorer
How It Works
Community
CoH3 Stats
Reddit
Sign in to upload your games and track your stats! →
Sign in with Steam
Match 45387675
Unlisted
Match 45387675
Overview
Messages
Build Orders
End
Kettenkrad Recon Vehicle
Construct Infanterie Kompanie
Pioneer Squad
MG 42 Machine Gun Team
Grenadier Squad
Grenadier Squad
Grenadier Squad
Grenadier Squad
Infanterie Officer Quarters
Construct Luftwaffe Kompanie
Support Elements
Selects Breakthrough Battlegroup
Selects Rapid Production
Selects Blitzkrieg
Wirbelwind Flakpanzer
Selects Assault Grenadiers
Semmelweis
Yoddha
55 Brigadeführer Blítzkrieg
Einhander
Rye
Zapata
0
0
Comments
sign in to comment!
No comments posted yet!